 Dungeon Crawl Stone Soup version 0.13-b1-32-g21a608e (webtiles) character file.

92 Lilouch the Skirmisher (level 3, -4/33 HPs)
             Began as a Ghoul Fighter on Oct 6, 2013.
             Slain by Yermak's ghost (5 damage)
             ... on Level 3 of the Dungeon.
             The game lasted 00:06:36 (699 turns).

Lilouch the Skirmisher (Ghoul Fighter)               Turns: 699, Time: 00:06:36

HP  -4/33        AC  6     Str 20      XL: 3   Next: 16%
MP   2/2         EV  6     Int  3      God:
Gold 63          SH 17     Dex  8      Spells:  0 memorised,  2 levels left

Res.Fire  : . . .   See Invis. : .     - Unarmed
Res.Cold  : + . .   Warding    : .   b - +0 scale mail
Life Prot.: + + +   Conserve   : .   c - +0 shield
Res.Poison: +       Res.Corr.  : .   (no helmet)
Res.Elec. : .       Clarity    : .   (no cloak)
Sust.Abil.: . .     Spirit.Shd : .   (no gloves)
Res.Mut.  : .       Stasis     : .   (no boots)
Res.Rott. : +       Flight     : .   (no amulet)
Saprovore : + + +                    (no ring)
                                     (no ring)

@: rotting, glowing, not resistant to hostile enchantments, extremely unstealthy
A: rotting body, claws 1, carnivore 3, cold resistance 1, life protection 3,
poison resistance, saprovore 3, slow healing 1, torment resistance, unbreathing
a: no special abilities


You were on level 3 of the Dungeon.
You were not hungry.

You visited 1 branch of the dungeon, and saw 3 of its levels.

You collected 43 gold pieces.

Inventory:

Missiles
 a - 16 stones (quivered)
 d - 12 poisoned needles
Armour
 b - a +0 scale mail (worn)
 c - a +0 shield (worn)
 f - a +0 elven leather armour
Comestibles
 m - a chunk of jackal flesh
Scrolls
 e - a scroll of enchant armour {unknown}
 g - a scroll of magic mapping {unknown}
 h - a scroll of fog {unknown}
 i - a scroll of amnesia {unknown}
 j - a scroll of random uselessness {unknown}
 k - a scroll of noise {unknown}
 l - a scroll of identify {unknown}
 q - a scroll of fear {unknown}
Potions
 n - a potion of poison {unknown}
 p - 2 potions of flight {unknown}


   Skills:
 * Level 3.7 Fighting
 + Level 2.9 Armour
 - Level 0.3 Dodging
 + Level 3.1 Shields
 + Level 2.3 Unarmed Combat


You had 2 spell levels left.
You didn't know any spells.

Dungeon Overview and Level Annotations

Branches:
Dungeon (3/27)

Altars:

Annotations:
D:3 Yermak's ghost, weakling SpEn


Innate Abilities, Weirdness & Mutations

Your body is rotting away.
You have sharp fingernails.
You are carnivorous and can eat meat at any time.
Your flesh is cold resistant.
You are immune to negative energy.
Your system is resistant to poisons.
You thrive on rotten meat.
You heal slowly.
You are immune to unholy pain and torment.
You can survive without breathing.


Message History

You block the adder's attack.
You miss the adder.
The adder is heavily wounded.
Yermak's ghost hits you. The adder bites you.
Yermak's ghost hits you but does no damage.
You miss the adder.
The adder is heavily wounded.
The adder bites you.
Yermak's ghost hits you but does no damage.
The adder bites you but does no damage.
You closely miss the adder.
The adder is severely wounded.
Yermak's ghost hits you.
* * * LOW HITPOINT WARNING * * *
The adder bites you but does no damage. Yermak's ghost hits you.
* * * LOW HITPOINT WARNING * * *
You closely miss the adder.
The adder is severely wounded.
You block the adder's attack. Yermak's ghost hits you.
You die...

... #.......
#........
.###.........
.............
............
#......../.
#[.%........
#.p@........
###S#.......
#.# ..... #<#
.... #.# ...
#.# # ... ...
##.##


You could see Yermak's ghost and an adder (bleeding).

Vanquished Creatures
  A giant gecko (D:1)
  An ooze (D:2)
  3 giant cockroaches (D:1)
  3 hobgoblins (D:1)
  4 jackals (D:2)
  2 kobolds (D:1)
  A quokka (D:3)
  5 bats
  A goblin (D:1)
  2 rats (D:1)
23 creatures vanquished.

Notes
Turn   | Place    | Note
--------------------------------------------------------------
     0 | D:1      | Lilouch, the Ghoul Fighter, began the quest for the Orb.
     0 | D:1      | Reached XP level 1. HP: 19/19 MP: 0/0
   154 | D:1      | Reached XP level 2. HP: 21/26 MP: 1/1
   622 | D:2      | Reached XP level 3. HP: 21/33 MP: 2/2
   682 | D:3      | Noticed Yermak's ghost (weakling SpEn)
   698 | D:3      | HP: 1/33 [Yermak's ghost (6)]
   699 | D:3      | Slain by Yermak's ghost

Action                   || total
-------------------------++-------
Melee: Unarmed           ||   124
